 Dungeon Crawl Stone Soup version 0.21.0 (webtiles) character file.

223 Plasmagod the Sneak (level 5, -1/25 HPs)
             Began as a Spriggan Enchanter on Jan 7, 2018.
             Slain by an orc wizard
             ... wielding a +0 dagger
              (5 damage)
             ... on level 4 of the Dungeon.
             The game lasted 00:15:15 (3758 turns).

Plasmagod the Sneak (Spriggan Enchanter)            Turns: 3758, Time: 00:15:16

Health: -1/25      AC:  2    Str:  5    XL:     5   Next: 66%
Magic:  1/11       EV: 19    Int: 19    God:
Gold:   185        SH:  3    Dex: 16    Spells: 5/11 levels left

rFire    . . .     SeeInvis +   m - +0 dagger (drain)
rCold    . . .     Gourm    .   (shield restricted)
rNeg     . . .     Faith    .   b - +0 robe
rPois    .         Spirit   .   (helmet restricted)
rElec    .         Reflect  +   (no cloak)
rCorr    .         Harm     .   (gloves unavailable)
MR       .....                  (boots unavailable)
Stlth    +++.......             q - +3 amulet of reflection
HPRegen  0.08/turn              o - +2 ring of intelligence
MPRegen  0.12/turn              (no ring)

@: very slightly contaminated, very quick
A: very small, unfitting armour, see invisible, herbivore, speed 3, slow
metabolism 2
a: no special abilities


You were on level 4 of the Dungeon.
You were not hungry.

You visited 1 branch of the dungeon, and saw 4 of its levels.

You collected 185 gold pieces.

Inventory:

Hand Weapons
 a - a +1 dagger
 e - a +1 hunting sling
 m - a +0 dagger of draining (weapon)
Missiles
 j - 129 stones (quivered)
 l - 10 sling bullets
Armour
 b - a +0 robe (worn)
Jewellery
 o - a +2 ring of intelligence (left hand)
 q - a +3 amulet of reflection (around neck)
Scrolls
 g - a scroll of teleportation
 h - a scroll of magic mapping
 n - a scroll of fog {unknown}
 p - a scroll of blinking {unknown}
 r - a scroll of remove curse
Potions
 f - a potion of curing {unknown}
 i - a potion of flight {unknown}
 k - a potion of might {unknown}
 s - a potion of degeneration {unknown}
Books
 c - a book of Maledictions

   Spells                             Type                      Level
   a - Corona                         Hexes                        1
   b - Ensorcelled Hibernation        Hexes/Ice                    2
   c - Confuse                        Hexes                        3
   d - Tukima's Dance                 Hexes                        3
   e - Dazzling Spray                 Conjuration/Hexes            3
Comestibles
 d - 2 rations


   Skills:
 + Level 0.4 Fighting
 + Level 1.6 Short Blades
 + Level 1.2 Slings
 + Level 3.6 Dodging
 + Level 6.6 Stealth
 + Level 3.6 Spellcasting
 + Level 5.1 Hexes
 + Level 0.8 Ice Magic


You had 5 spell levels left.
You knew the following spells:

 Your Spells              Type           Power        Failure   Level  Hunger
a - Corona                Hex            ###....      1%          1    None
b - Ensorcelled Hibernat  Hex/Ice        ##....       6%          2    ##.....
c - Confuse               Hex            ###.....     5%          3    ###....


Dungeon Overview and Level Annotations

Branches:
Dungeon (4/15)
 Temple: D:4-7

Altars:
Fedhas

Annotations:
D:4 Nicoed's ghost, novice GrFi


Innate Abilities, Weirdness & Mutations

You are very small and have problems with some larger weapons.
You are too small for most types of armour.
You have supernaturally acute eyesight. (SInv)
You are a herbivore.
You cover ground extremely quickly.
You need consume almost no food.


Message History

The orc wizard casts a spell at you. The magic dart hits you!
Casting: Ensorcelled Hibernation
Confirm with . or Enter, or press ? or * to list all spells.
Aiming: Ensorcelled Hibernation
Press: ? - help, Shift-Dir - straight line, f/p - orc wizard
Aim: an orc wizard, wielding a dagger and wearing a robe (chance to defeat MR: 45%)
The orc wizard resists with some effort.
The orc wizard completely misses you.
Casting: Ensorcelled Hibernation
Confirm with . or Enter, or press ? or * to list all spells.
Aiming: Ensorcelled Hibernation
Press: ? - help, Shift-Dir - straight line, f/p - orc wizard
Aim: an orc wizard, wielding a dagger and wearing a robe (chance to defeat MR: 45%)
The orc wizard resists with some effort.
The orc wizard points at you and mumbles some strange words.
The magic dart hits you!
* * * LOW HITPOINT WARNING * * *
The orc wizard hits you with a dagger.
You die...

.. ..o.... ..#. #. ........#
##.## #. #.#o.##.# #.... #.
#.#o.##.#####..## #.
#.#..##.##.....# ..W #.##
#.#..##.##.##.##
#.#..####.!###.#oo##.##.##.#
#.#...........o...##.##.##.#
##.#......#.#.@.......##.##.#
..#..... #.#..#####..##.##)#
#.##### #.#####.....##.##.#
####.#### #.# #.###..#.##.#
.......W#####.# #.# ##.#.##)#
####.##......^# #.# #....##.#
#W##############.##.###.##.###
#.# #.......#.# ##.#)..) #.#
#..#......# #.#####


You could see 2 orc wizards and an orc.

Vanquished Creatures
  3 orc wizards
  A hound (D:3)
  4 adders
  A worm (D:3)
  2 dart slugs
  3 leopard geckos
  7 orcs
  6 bats
  4 giant cockroaches
  7 hobgoblins
  2 jackals (D:2)
  2 quokkas
  A ball python (D:3)
  5 frilled lizards
  6 goblins
  3 kobolds
  A rat (D:1)
58 creatures vanquished.

Notes
Turn   | Place    | Note
-------+----------+-------------------------------------------
     0 | D:1      | Plasmagod the Spriggan Enchanter began the quest for the Orb.
     0 | D:1      | Reached XP level 1. HP: 9/9 MP: 5/5
   400 | D:1      | Reached XP level 2. HP: 2/13 MP: 3/6
   676 | D:1      | Learned a level 2 spell: Ensorcelled Hibernation
  1749 | D:2      | Reached XP level 3. HP: 16/16 MP: 3/8
  1898 | D:2      | Reached skill level 5 in Stealth
  2485 | D:3      | Reached XP level 4. HP: 13/21 MP: 4/9
  2823 | D:3      | Reached skill level 1 in Slings
  2953 | D:3      | Found a blossoming altar of Fedhas.
  3169 | D:3      | Reached skill level 6 in Stealth
  3169 | D:3      | Reached XP level 5. HP: 25/25 MP: 4/11
  3405 | D:4      | Noticed Nicoed's ghost (novice GrFi)
  3413 | D:4      | Learned a level 3 spell: Confuse
  3715 | D:4      | Reached skill level 5 in Hexes
  3758 | D:4      | Slain by an orc wizard

Skill      XL: |  1  2  3  4  5 |
---------------+----------------+-----
Hexes          | 4 5 |  5.1
Spellcasting   | 3 |  3.6
Stealth        | 5 6 |  6.6
Slings         | 1 |  1.2
Fighting       | |  0.4
Short Blades   | |  1.6
Dodging        | |  3.6
Ice Magic      | |  0.8

Action                   |  1- 3 |  4- 6 || total
-------------------------+-------+-------++-------
Melee: Dagger            |    88 |    37 ||   125
 Fire: Hunting sling     |     8 |    18 ||    26
 Cast: Corona            |    10 |       ||    10
       Ensorcelled Hiber |    25 |    22 ||    47
       Confuse           |       |     7 ||     7
  Use: Scroll            |     4 |       ||     4
 Stab: Sleeping          |    26 |    20 ||    46
  Eat: Ration            |     1 |     1 ||     2
Armor: Robe              |     5 |     2 ||     7
Dodge: Dodged            |    59 |    25 ||    84
